 Dungeon Crawl Stone Soup version 0.29-a0-542-g075992c915 (webtiles) character file.

Game seed: 10649996346439134897

56 Ragain the Vandal (level 3, -2/31 HPs)
             Began as a Hill Orc Hunter on June 4, 2022.
             Slain by Robin
             ... wielding a +0 mace
              (9 damage)
             ... on level 2 of the Dungeon.
             The game lasted 00:05:56 (1501 turns).

Ragain the Vandal (Hill Orc Hunter)                 Turns: 1501, Time: 00:05:56

Health: -2/31      AC:  5    Str: 13    XL:     3   Next: 97%
Magic:  3/3        EV: 12    Int:  9    God:
Gold:   116        SH:  0    Dex: 16    Spells: 2/2 levels left

rFire   . . .      SeeInvis .   a - +1 hunting sling
rCold   . . .      Faith    .   (no shield)
rNeg    . . .      Spirit   .   b - +0 leather armour
rPois   .          Reflect  .   (no helmet)
rElec   .          Harm     .   l - +0 cloak
rCorr   .          Rampage  .   k - +0 pair of gloves
Will    .....                   (no boots)
Stlth   ++........              (no amulet)
HPRegen 0.10/turn               (no ring)
MPRegen 0.08/turn               (no ring)

@: no status effects
A: no striking features
a: no special abilities


You were on level 2 of the Dungeon.
You visited 1 branch of the dungeon, and saw 3 of its levels.

You collected 116 gold pieces.

Inventory:

Hand Weapons
 a - a +1 hunting sling (weapon)
Missiles
 d - 111 stones
Armour
 b - a +0 leather armour (worn)
 j - a +0 chain mail
 k - a +0 pair of gloves (worn)
 l - a +0 cloak (worn)
Scrolls
 c - a scroll of immolation
 e - a scroll of identify {unknown}
 h - 2 scrolls of amnesia {unknown}
 i - a scroll of fear {unknown}
 m - a scroll of enchant weapon {unknown}
Potions
 f - 5 potions of curing {unknown}
 g - 3 potions of attraction {unknown}
 n - a potion of brilliance {unknown}
 o - a potion of berserk rage {unknown}
 p - a potion of lignification {unknown}


   Skills:
 * Level 3.0 Fighting
 * Level 3.9 Slings
 + Level 0.5 Armour
 * Level 2.0 Dodging
 * Level 1.5 Stealth
 + Level 0.7 Shields


You had 2 spell levels left.
You didn't know any spells.
Your spell library contained the following spells:

 Spells                   Type           Power      Damage    Failure   Level
 Corpse Rot               Necr/Pois/Air  0%         N/A       99%         4
 Dispel Undead            Necr           0%         3d6       99%         4
 Death Channel            Necr           0%         N/A       100%        6


Dungeon Overview and Level Annotations

Branches:
Dungeon (3/15)

Altars:

Annotations:
D:2 Robin


Message History

Fire: a) +1 hunting sling
Press: ? - help, Q - select action, (/) - cycle Shift-Dir - straight line, f - Robin
Aim: Robin, wielding a +0 mace, wearing a +0 animal skin, wearing a +0 helmet and wearing a +4 ring of slaying (lightly wounded, 68% to hit)
You shoot a sling bullet. The sling bullet hits Robin.
Robin is heavily wounded.
Robin hits you but does no damage.
Fire: a) +1 hunting sling
Press: ? - help, Q - select action, (/) - cycle Shift-Dir - straight line, f/p - Robin
Aim: Robin, wielding a +0 mace, wearing a +0 animal skin, wearing a +0 helmet and wearing a +4 ring of slaying (heavily wounded, 68% to hit)
You shoot a sling bullet. The sling bullet hits Robin.
Robin is heavily wounded.
The goblin no longer looks unusually strong.
Robin hits you with a +0 mace.
* * * LOW HITPOINT WARNING * * *
Robin closely misses you.
Fire: a) +1 hunting sling
Press: ? - help, Q - select action, (/) - cycle Shift-Dir - straight line, f/p - Robin
Aim: Robin, wielding a +0 mace, wearing a +0 animal skin, wearing a +0 helmet and wearing a +4 ring of slaying (heavily wounded, 68% to hit)
You shoot a sling bullet. The sling bullet hits Robin.
Robin is severely wounded.
Robin hits you with a +0 mace.
* * * LOW HITPOINT WARNING * * *
Fire: a) +1 hunting sling
Press: ? - help, Q - select action, (/) - cycle Shift-Dir - straight line, f/p - Robin
Aim: Robin, wielding a +0 mace, wearing a +0 animal skin, wearing a +0 helmet and wearing a +4 ring of slaying (severely wounded, 68% to hit)
You shoot a sling bullet.
The sling bullet hits Robin but does no damage.
Robin is severely wounded.
Robin throws the goblin at you!
* * * LOW HITPOINT WARNING * * *
The goblin completely misses you.
Fire: a) +1 hunting sling
Press: ? - help, Q - select action, (/) - cycle Shift-Dir - straight line, f - goblin, p - Robin
Aim: a goblin, wielding a +0 club (53% to hit)
You shoot a sling bullet.
The sling bullet closely misses the goblin.
The goblin no longer looks unusually strong.
Robin says, "Duck!"
Robin hits you with a +0 mace!
You die...

.......##.#...#.............
........).............##....
...)...##.#...........##....
....... #.#..#### #........
.......##.#.... .....#.##...
.......)†.##.#########.##...
..........##......)..#......
..........##########.#.##...
.........gg@g.....>).......#
.........g###..........##..#
..........# #..............#
.########.# #.......##..##.#
#.# #.......##..#..#
..###.......##..#...
..#.................
..#.#.......###..###
#.#..)....###..###


You could see Robin and 3 goblins.

Vanquished Creatures
  2 worms
  3 ball pythons
  2 endoplasms
  A giant cockroach (D:2)
  11 goblins
  5 hobgoblins
  4 kobolds
  2 quokkas (D:1)
  10 bats
  2 frilled lizards (D:1)
  2 rats
44 creatures vanquished.

Notes
Turn   | Place    | Note
-------+----------+-------------------------------------------
     0 | D:1      | Ragain the Hill Orc Hunter began the quest for the Orb.
     0 | D:1      | Reached XP level 1. HP: 18/18 MP: 1/1
   140 | D:1      | Reached XP level 2. HP: 25/25 MP: 2/2
   223 | D:1      | Reached skill level 1 in Stealth
   778 | D:2      | Reached XP level 3. HP: 20/30 MP: 3/3
  1041 | D:2      | You fall into a shaft and drop 1 floor!
  1301 | D:2      | Noticed Robin
  1501 | D:2      | Slain by Robin

Illustrated notes

Levels and vault maps discovered:
D:1:      lightli_arrival_quake, layout_rooms
D:2:      layout_basic, minmay_circle_x, uniq_robin
D:3:      layout_rooms, lemuel_round_altar, basic_ecumenical_altar

Skill      XL: |  1  2  3 |
---------------+----------+-----
Stealth        | 1 |  1.5
Dodging        | 2 |  2.0
Fighting       | 3 |  3.0
Slings         | |  3.9
Armour         | |  0.5
Shields        | |  0.7

Action                   || total
-------------------------++-------
 Fire: Hunting sling     ||   151
Armor: Leather armour    ||    42
Dodge: Dodged            ||    88

Table legend: (Time is in decaauts)
 A = Elapsed time spent in this place.
 B = Non-inter-level travel time spent in this place.
 C = Inter-level travel time spent in this place.
 D = Time resting spent in this place.
 E = Time spent auto-exploring this place.
 F = Levels seen in this place.
 G = Mean time per level.
                   A        B        C        D        E       F      G
               +--------+--------+--------+--------+--------+-----+--------+
         Total |   1553 |   1480 |     73 |    128 |   1016 |   3 |  517.7 |
       Dungeon |   1553 |   1480 |     73 |    128 |   1016 |   3 |  517.7 |
               +--------+--------+--------+--------+--------+-----+--------+

Top non-repeatable levels by time:
     D:2: 839 daAuts
     D:1: 492 daAuts
     D:3: 221 daAuts
